 Dungeon Crawl Stone Soup version 0.31-a0-473-g61b50ae490 (webtiles) character file.

Game seed: 7427686268991977584

189 sircluck the Chopper (level 5, -8/47 HPs)
             Began as a Hill Orc Fighter on Aug 6, 2023.
             Mangled by a gnoll
             ... wielding a +0 halberd
              (13 damage)
             ... on level 3 of the Dungeon.
             The game lasted 00:03:17 (2156 turns).

sircluck the Chopper (Hill Orc Fighter)             Turns: 2156, Time: 00:03:18

Health: -8/47      AC:  7    Str: 21    XL:     5   Next: 68%
Magic:  5/5        EV:  9    Int:  8    God:
Gold:   172        SH: 10    Dex: 16    Spells: 4/4 levels left

rFire   . . .        a - +0 war axe
rCold   . . .        c - +0 buckler
rNeg    . . .        b - +0 scale mail
rPois   .            (no helmet)
rElec   .            (no cloak)
rCorr   .            (no gloves)
SInv    .            (no boots)
Will    .....        h - amulet of reflection Stlth
                     n - +6 ring of dexterity
HPRegen 0.27/turn    (no ring)
MPRegen 0.09/turn

%: reflection
@: no status effects
A: no striking features
a: no special abilities


You were on level 3 of the Dungeon.
You visited 1 branch of the dungeon, and saw 3 of its levels.

You collected 172 gold pieces.

Inventory:

Hand Weapons
 a - a +0 war axe (weapon)
Missiles
 e - 27 stones
 m - 3 boomerangs
 o - 9 poisoned darts
Armour
 b - a +0 scale mail (worn)
 c - a +0 buckler (worn)
Jewellery
 h - an amulet of reflection (around neck)
 n - a +6 ring of dexterity (left hand)
Scrolls
 g - a scroll of fog {unknown}
 i - 5 scrolls of identify {unknown}
 j - a scroll of enchant weapon {unknown}
 l - a scroll of immolation {unknown}
 p - a scroll of enchant armour {unknown}
Potions
 d - 2 potions of might
 f - a potion of curing {unknown}
 k - 2 potions of enlightenment {unknown}
 q - a potion of resistance {unknown}


   Skills:
 + Level 4.7 Fighting
 + Level 5.1 Axes
 + Level 4.0 Armour
 + Level 0.7 Dodging
 + Level 4.1 Shields


You had 4 spell levels left.
You didn't know any spells.
Your spell library contained the following spells:

 Spells                   Type           Power      Damage    Failure   Level
 Call Canine Familiar     Summ           0%         N/A       99%         3
 Portal Projectile        Hex/Tloc       0%         N/A       99%         3
 Leda's Liquefaction      Hex/Erth       0%         N/A       100%        4
 Olgreb's Toxic Radiance  Pois           0%         N/A       100%        4
 Discord                  Hex            0%         N/A       100%        8
 Ignition                 Fire           0%         3d3       100%        8


Dungeon Overview and Level Annotations

Branches:
Dungeon (3/15)

Altars:
Kikubaaqudgha
Wu Jian


Message History

You are too injured to fight recklessly!
You are too injured to fight recklessly!
You are too injured to fight recklessly!
You are too injured to fight recklessly!
You are too injured to fight recklessly!
You are too injured to fight recklessly!
You are too injured to fight recklessly!
You are too injured to fight recklessly!
You are too injured to fight recklessly!
You are too injured to fight recklessly!
You are too injured to fight recklessly!
You are too injured to fight recklessly!
You are too injured to fight recklessly!
The gnoll attacks as you move away! The gnoll closely misses you.
The hobgoblin hits you but does no damage.
The gnoll attacks as you move away! The gnoll hits you with a +0 flail.
* * * LOW HITPOINT WARNING * * *
The hobgoblin attacks as you move away!
The hobgoblin hits you but does no damage.
The hobgoblin attacks as you move away! You block the hobgoblin's attack.
You closely miss the hobgoblin. You block the hobgoblin's attack.
The gnoll closely misses you. You block the hobgoblin's attack.
You hit the hobgoblin.
The hobgoblin is severely wounded.
You block the gnoll's attack. You block the hobgoblin's attack.
You hit the hobgoblin.
The hobgoblin is almost dead.
You block the gnoll's attack. The hobgoblin closely misses you.
You slash the hobgoblin!
You kill the hobgoblin!
The gnoll hits you but does no damage. The gnoll hits you with a +0 halberd!
* * * LOW HITPOINT WARNING * * *
The gnoll hits you from afar with a +0 halberd.
* * * LOW HITPOINT WARNING * * *
You see here a hobgoblin corpse.
You slash the gnoll!
You kill the gnoll!
The gnoll hits you from afar with a +0 halberd!
You die...

.. ##..#..............#
#.. ##.#..............#
##.## ##.#..............#
.....###.................#
#.#..............g....?.#
##....>####.....g........#
#..###..#......#g#########
........).).####)#
##...###....).##@#
##.#.#...###..##.#
.......### #.....#
####....# #.##..#
._##.##...##.##..# #≈##.#
##.....#.## ####.# ##.....
# #.## #..... # #..#
#......


You could see 2 gnolls.

Vanquished Creatures
  Natasha (thrice) (D:2)
  3 gnolls
  3 adders
  3 worms (D:2)
  A dart slug (D:1)
  2 orcs (D:3)
  3 bats (D:1)
  6 endoplasms
  2 giant cockroaches
  4 hobgoblins
  2 jackals (D:2)
  7 kobolds
  3 quokkas
  6 ball pythons
  3 frilled lizards
  5 goblins
  7 rats
63 creatures vanquished.

Notes
Turn   | Place    | Note
-------+----------+-------------------------------------------
     0 | D:1      | sircluck the Hill Orc Fighter began the quest for the Orb.
     0 | D:1      | Reached XP level 1. HP: 19/19 MP: 1/1
   144 | D:1      | Reached XP level 2. HP: 23/27 MP: 2/2
   261 | D:1      | Reached skill level 3 in Axes
   261 | D:1      | Reached XP level 3. HP: 33/33 MP: 3/3
   796 | D:2      | Reached XP level 4. HP: 38/40 MP: 4/4
   835 | D:2      | Noticed Natasha
   848 | D:2      | Killed Natasha
   849 | D:2      | Reached skill level 4 in Axes
  1242 | D:2      | Noticed Natasha
  1249 | D:2      | Killed Natasha
  1250 | D:2      | Reached XP level 5. HP: 47/47 MP: 5/5
  1284 | D:2      | Noticed Natasha
  1295 | D:2      | Killed Natasha
  1832 | D:3      | Found an ornate altar of the Wu Jian Council.
  1832 | D:3      | Found an ancient bone altar of Kikubaaqudgha.
  2129 | D:3      | Reached skill level 5 in Axes
  2156 | D:3      | Mangled by a gnoll

Illustrated notes

Levels and vault maps discovered:
D:1:      giann_horns, layout_loops_ring, minmay_octomino_c4
D:2:      layout_basic, uniq_natasha
D:3:      layout_rooms, gammafunk_temple_overflow_elements

Skill      XL: |  1  2  3  4  5 |
---------------+----------------+-----
Fighting       | 4 |  4.7
Axes           | 3 4 5 |  5.1
Shields        | 4 |  4.1
Armour         | 4 |  4.0
Dodging        | |  0.7

Action                     |  1- 3 |  4- 6 || total
---------------------------+-------+-------++-------
  Melee: War axe           |    89 |    80 ||   169
 Armour: Scale mail        |    42 |    27 ||    69
  Dodge: Dodged            |    36 |    32 ||    68
  Block: Buckler           |    19 |    40 ||    59

Table legend: (Time is in decaauts)
 A = Elapsed time spent in this place.
 B = Non-inter-level travel time spent in this place.
 C = Inter-level travel time spent in this place.
 D = Time resting spent in this place.
 E = Time spent auto-exploring this place.
 F = Levels seen in this place.
 G = Mean time per level.
                   A        B        C        D        E       F      G
               +--------+--------+--------+--------+--------+-----+--------+
         Total |   2233 |   1999 |    234 |     88 |   1440 |   3 |  744.3 |
       Dungeon |   2233 |   1999 |    234 |     88 |   1440 |   3 |  744.3 |
               +--------+--------+--------+--------+--------+-----+--------+

Top non-repeatable levels by time:
     D:2: 1010 daAuts
     D:1: 768 daAuts
     D:3: 454 daAuts
